 Dungeon Crawl Stone Soup version 0.22-b1-59-g0aedee734a (webtiles) character file.

355610 muslera94 the Omniscient (level 22, -1/259 HPs)
             Began as a Gnoll Skald on Aug 7, 2018.
             Was the Champion of Ashenzari.
             Slain by a stone giant (3 damage)
             ... on level 5 of the Vaults on Aug 9, 2018.
             The game lasted 10:01:38 (50860 turns).

muslera94 the Omniscient (Gnoll Skald)             Turns: 50860, Time: 10:01:39

Health: -1/259     AC: 31    Str: 15    XL:     22   Next: 32%
Magic:  39/40      EV:  2    Int: 31    God:    Ashenzari [******]
Gold:   1455       SH: 20    Dex: 23    Spells: 5/50 levels left

rFire    + . .     SeeInvis +   g - +9 trident (freeze) (curse)
rCold    x . .     Gourm    .   r - +3 buckler (curse)
rNeg     + + +     Faith    .   (armour currently unavailable)
rPois    +         Spirit   .   (helmet currently unavailable)
rElec    .         Reflect  +   (cloak currently unavailable)
rCorr    .         Harm     .   (gloves currently unavailable)
MR       +....     Clarity  +   (boots currently unavailable) Stlth +++++++...NoTele +
                                q - brooch of Shielding {Reflect SH+8} (curse)
HPRegen  0.53/turn              o - ring of wizardry (curse)
MPRegen  0.27/turn              Y - ring "Gagiuwann" {Fire rN+ Int+4 Slay+3 SInv} (curse)

@: agile, tree-form, berserk cooldown, very slightly contaminated, slowed,
silenced, invisible, very slow
A: distributed training, agile 1, clever 2, strong nose
}: 2/15 runes: decaying, serpentine
a: Renounce Religion


You were on level 5 of the Vaults.
You worshipped Ashenzari.
Ashenzari was exalted by your worship.
You were not hungry.
You were a tree.
You visited 7 branches of the dungeon, and saw 37 of its levels.
You visited 1 bazaar.
You also visited: Trove, Ossuary, Ice Cave and Wizlab.

You collected 4583 gold pieces.
You spent 3128 gold pieces at shops.

Inventory:

Hand Weapons
 g - a cursed +9 trident of freezing (weapon)
 j - the cursed +8 war axe of Proximity {chop, rF++}
   (You acquired it on level 2 of the Vaults)

   It inflicts extra damage upon your enemies.
   It greatly protects you from fire.
   It has a curse placed upon it.
Armour
 r - a cursed +3 buckler (worn)
 v - a cursed +2 helmet (melded)
 y - a cursed +0 pair of boots (melded)
 A - a cursed +0 cloak (melded)
 F - a cursed +8 chain mail (melded)
 O - the cursed -2 pair of gloves "Galumukh" (melded) {rPois rN+ Int+5}
   (You acquired it on level 5 of the Lair of Beasts)

   It affects your intelligence (+5).
   It protects you from poison.
   It protects you from negative energy.
   It has a curse placed upon it.
Jewellery
 l - a +4 amulet of reflection
 o - a cursed ring of wizardry (left branch)
 q - the cursed brooch of Shielding (around neck) {Reflect SH+8}
   (You bought it in a shop on level 4 of the Snake Pit)

   [amulet of reflection]

   It shields you and reflects attacks.
   It affects your SH (+8).
   It has a curse placed upon it.
 s - the amulet of Attitude {Spirit rElec rN+++ Str+3}
   (You found it in a treasure trove)

   [amulet of guardian spirit]

   It causes incoming damage to be split between your health and magic.
   It affects your strength (+3).
   It insulates you from electricity.
   It renders you almost immune to negative energy.
 Q - an uncursed ring of resist corrosion
 U - an uncursed ring of protection from magic
 Y - the cursed ring "Gagiuwann" (right branch) {Fire rN+ Int+4 Slay+3 SInv}
   (You found it on level 1 of the Orcish Mines)

   [ring of fire]

   It enhances your fire magic.
   It affects your intelligence (+4).
   It affects your accuracy and damage with ranged weapons and melee attacks
   (+3).
   It protects you from fire.
   It makes you vulnerable to cold.
   It protects you from negative energy.
   It lets you see invisible.
   It has a curse placed upon it.
Wands
 k - a wand of acid (6)
 n - a wand of paralysis (60)
 t - a wand of digging (19)
 z - a wand of clouds (9)
 H - a wand of scattershot (8)
 L - a wand of iceblast (9)
Scrolls
 a - 2 scrolls of fog
 c - 16 scrolls of identify
 d - 3 scrolls of holy word
 e - 4 scrolls of remove curse
 h - 4 scrolls of silence
 m - 6 scrolls of teleportation
 p - 4 scrolls of enchant weapon
 x - 3 scrolls of amnesia
 N - 2 scrolls of torment
 S - 2 scrolls of brand weapon
 T - 5 scrolls of immolation
 Z - 3 scrolls of enchant armour
Potions
 i - 2 potions of lignification
 u - 4 potions of resistance
 w - 5 potions of flight
 B - 3 potions of invisibility
 C - 5 potions of haste
 D - 7 potions of magic
 J - a potion of brilliance
 R - 5 potions of curing
 V - a potion of agility
Miscellaneous
 P - a box of beasts
Comestibles
 K - 38 rations


   Skills:
 + Level 14.6 Fighting
 + Level 14.0 Short Blades
 + Level 14.0 Long Blades
 + Level 14.0 Axes
 + Level 14.0 Maces & Flails
 + Level 14.6(18.6) Polearms
 + Level 14.0 Staves
 + Level 14.0 Slings
 + Level 14.0 Bows
 + Level 14.0 Crossbows
 + Level 14.0 Throwing
 + Level 14.2(19.5) Armour
 + Level 14.6 Dodging
 + Level 14.0 Stealth
 + Level 14.0(16.6) Shields
 + Level 14.0 Unarmed Combat
 + Level 14.7 Spellcasting
 + Level 12.1(16.2) Conjurations
 + Level 12.1(16.2) Hexes
 + Level 13.1(17.2) Charms
 + Level 12.1(16.2) Summonings
 + Level 12.1(16.2) Necromancy
 + Level 12.1(16.2) Translocations
 + Level 12.1(16.2) Transmutations
 + Level 12.1(16.2) Fire Magic
 + Level 12.1(16.2) Ice Magic
 + Level 12.1(16.2) Air Magic
 + Level 12.1(16.2) Earth Magic
 + Level 12.1(16.2) Poison Magic
 + Level 15.1 Invocations
 + Level 14.0(18.1) Evocations


You had 5 spell levels left.
You knew the following spells:

 Your Spells              Type           Power        Failure   Level  Hunger
a - Infusion              Chrm           ####         0%          1    None
b - Song of Slaying       Chrm           #######.     0%          2    None
c - Shroud of Golubria    Chrm/Tloc      #######...   0%          2    None
d - Regeneration          Chrm/Necr      #######...   0%          3    None
e - Spectral Weapon       Hex/Chrm       #######.     0%          3    None
f - Summon Hydra          Summ           #######...   1%          7    #####..
g - Conjure Flame         Conj/Fire      ########     0%          3    None
h - Mephitic Cloud        Conj/Pois/Air  #######.     0%          3    None
i - Freezing Cloud        Conj/Ice/Air   #######...   1%          6    ###....
j - Tukima's Dance        Hex            #######.     0%          3    None
k - Swiftness             Chrm/Air       #######.     0%          2    None
l - Deflect Missiles      Chrm/Air       #######...   1%          6    ###....
m - Airstrike             Air            #######...   1%          4    None

Your spell library contained the following spells:

 Spells                   Type           Power        Failure   Level  Hunger
 Cause Fear               Hex            #######...   1%          4    None
 Apportation              Tloc           ######       0%          1    None
 Lightning Bolt           Conj/Air       #######...   1%          5    None
 Slow                     Hex            #######.     0%          2    None
 Confuse                  Hex            #######.     0%          3    None
 Ring of Flames           Chrm/Fire      ########..   1%          7    #####..
 Teleport Other           Tloc           #######.     0%          3    None
 Summon Small Mammal      Summ           ####         0%          1    None
 Blink                    Tloc           N/A          0%          2    None
 Animate Skeleton         Necr           N/A          0%          1    None
 Summon Ice Beast         Ice/Summ       #######.     1%          4    None
 Sting                    Conj/Pois      ####         0%          1    None
 Corpse Rot               Necr           N/A          0%          2    None
 Stone Arrow              Conj/Erth      ######       0%          3    None
 Shock                    Conj/Air       ####         0%          1    None
 Spider Form              Tmut/Pois      #######...   0%          3    None
 Blade Hands              Tmut           #######...   1%          5    None
 Statue Form              Tmut/Erth      #######..    1%          6    ###....
 Confusing Touch          Hex            ######       0%          1    None
 Passwall                 Tmut/Erth      #######.     0%          2    None
 Call Canine Familiar     Summ           #######.     0%          3    None
 Ensorcelled Hibernation  Hex/Ice        ######       0%          2    None
 Summon Butterflies       Summ           #######.     0%          1    None
 Silence                  Hex/Air        #######...   1%          5    None
 Shatter                  Erth           #######...   67%         9    #######
 Static Discharge         Conj/Air       #######.     0%          3    None
 Corona                   Hex            #######      0%          1    None
 Lee's Rapid Deconstruct  Erth           #######...   1%          5    None
 Sandblast                Erth           ######       0%          1    None
 Excruciating Wounds      Chrm/Necr      #######...   1%          5    None
 Portal Projectile        Hex/Tloc       ######       0%          3    None
 Petrify                  Tmut/Erth      #######.     1%          4    None
 Passage of Golubria      Tloc           N/A          1%          4    None
 Tornado                  Air            #######...   67%         9    #######
 Leda's Liquefaction      Hex/Erth       #######...   1%          4    None
 Inner Flame              Hex/Fire       ########     0%          3    None
 Beastly Appendage        Tmut           ######       0%          1    None
 Dazzling Spray           Conj/Hex       ######       0%          3    None
 Discord                  Hex            #######...   7%          8    ######.
 Summon Forest            Summ/Tloc      #######...   1%          5    None
 Summon Mana Viper        Hex/Summ       #######.     1%          5    None
 Hydra Form               Tmut           #######...   1%          6    ###....
 Gell's Gravitas          Tloc           #######...   0%          3    None
 Yara's Violent Unravell  Hex/Tmut       #######...   1%          5    None
 Lesser Beckoning         Tloc           #######...   0%          3    None
 Poisonous Vapours        Pois/Air       ######       0%          2    None
 Ignition                 Fire           ########..   7%          8    ######.


Dungeon Overview and Level Annotations

Branches:
Dungeon (15/15)            Temple (1/1) D:6            Lair (6/6) D:8
  Swamp (4/4) Lair:4        Snake (4/4) Lair:2        Slime (0/5) Lair:6
    Orc (2/2) D:9             Elf (0/3) Orc:2        Vaults (5/5) D:14
  Crypt (0/3) Vaults:2     Depths (0/5) D:15

Altars:
Ashenzari
Cheibriados
Dithmenos
Elyvilon
Fedhas
Gozag
Hepliaklqana
Kikubaaqudgha
Makhleb
Nemelex Xobeh
Okawaru
Qazlal
Ru
Sif Muna
Trog
Uskayaw
Vehumet
Wu Jian
Xom
Yredelemnul
Zin
The Shining One
Beogh
Jiyva

Shops:
D:14 =*   D:15 [   Orc:1 *   Orc:2 [(*=   Snake:4 ==}

Annotations:
D:9 1 exclusion
Lair:2 exclusion: oklob plant
Swamp:2 1 runed door
Vaults:5 Mennas


Innate Abilities, Weirdness & Mutations

Your experience applies equally to all skills.
((You have very sharp teeth.))
Your uncanny sense of smell can sniff out nearby items.
You are agile. (Dex +2)
Your mind is very acute. (Int +4)
((Your movements are slightly less encumbered by armour. (ER -2)))


Message History

The storm dragon roars deafeningly!
You hear a shout! x2
Okay, then.
You turn into a tree.
Your cursed +0 cloak melds into your body.
Your cursed +2 helmet melds into your body.
The cursed -2 pair of gloves "Galumukh" {rPois rN+ Int+5} melds into your body.
Your cursed +0 pair of boots melds into your body.
Your cursed +8 chain mail melds into your body.
Your roots penetrate the ground.
You feel strangely stable.
Mennas gestures frantically.
Mennas's surroundings become eerily quiet.
You block the fire giant's attack.
The phantasmal warrior blinks!
You block the entropy weaver's attack. x2
The entropy weaver hits you but does no damage. x2
The yaktaur shoots a bolt.
The bolt hits the ettin!
The shadow dragon bites you but does no damage.
The shadow dragon claws you.
* * * LOW HITPOINT WARNING * * *
You block the shadow dragon's attack. The stone giant hits you.
You die...

* ,,,*,*,* ,,,*, , * ,,
, , * , *#..#.#....#∆∆ *
, , , ,, *
....#....##### ,, ** , ,
, **...#....#... , , ,
,,, ,,,, ..c......W.., ,
, , , **
***#####w.p*yC.Y#####***
* ,,, .......ppp*CC.....
, ,,,, ,,
,......§pCQCpD..... , ,
,,, ......pApC♣DQ9....,
, , ,, , ,
,.......[CDapC.....,,,,
, ,, * *
*#####.csesDDe#####*** *
* ,, , {,,.W...sp9z§..,,
,, , , ,
{,..(.#...s#..## , *,,,
,,,, *###.{#....#L## *{
* * ,, * , , ,
*#..#....#.#* * *, * ,,,
,,,*#..#....#..**, , *,
, , ,, ,*,, , , , ,, ,
,,


You could see Mennas, 2 shadow dragons, 2 ironheart preservers, 2 titans, an
ancient lich, 2 storm dragons, a frost giant, a fire giant, a quicksilver
dragon, a stone giant, 4 vault wardens, 2 tengu reavers, a death knight, a
yaktaur captain, a vault guard, an entropy weaver, a deep elf annihilator, 3
ettins, a skeletal warrior, a tyrant leech (wandering), a wolf spider
(wandering), 2 war gargoyles, 2 vault sentinels, 2 phantasmal warriors, a
yaktaur, a deep elf mage, a hornet, a tarantella, 2 redbacks, a dream sheep
shaped shifter (wandering) and 2 battlespheres.

Vanquished Creatures
  An ancient lich (Vaults:4)
  Saint Roka (Orc:2)
  4 tentacled monstrosities
  A quicksilver dragon (Vaults:4)
  2 thorn hunters
  Kirke (Lair:4)
  2 storm dragons
  A shadow dragon (Vaults:4)
  A tengu reaver (Vaults:4)
  6 nagarajas (Snake:4)
  Roxanne (Snake:4)
  10 vault wardens
  A frost giant (Vaults:3)
  10 ironheart preservers
  5 stone giants
  A very ugly thing (Vaults:1)
  Azrael (D:13)
  The ghost of ExaRaiun the Severer, a journeyman MiBe of Trog (Orc:1)
  An eidolon (Vaults:2)
  5 ettins
  Snorg (D:10)
  Josephine (Lair:4)
  4 fire dragons
  Erolcha (D:10)
  3 great orbs of eyes
  5 yaktaur captains
  A rakshasa (Vaults:1)
  27 vault guards
  13 naga warriors
  26 hydras
  8 centaur warriors
  An ice dragon (Vaults:2)
  22 two-headed ogres
  11 alligators
  2 ghost crabs (Swamp:4)
  4 deep troll shamans (Vaults:3)
  8 death yaks
  17 anacondas
  6 ogre magi
  A deep troll earth mage (Vaults:3)
  A vampire mage (Vaults:2)
  A death knight (Vaults:3)
  5 naga sharpshooters
  Urug (Lair:4)
  3 deep elf knights
  Nergalle (D:8)
  3 shock serpents
  Sonja (D:11)
  2 shadow wraiths
  8 swamp dragons
  2 unseen horrors
  6 skeletal warriors
  A sixfirhy (WizLab)
  5 salamander mystics (Snake:4)
  A shadow demon (WizLab)
  3 spriggan druids
  5 deep trolls (Vaults:3)
  2 flayed ghosts
  7 naga ritualists
  An obsidian statue (Orc:1)
  3 wizards
  A shambling mangrove (Swamp:4)
  4 deep elf archers
  5 lindwurms
  13 ironbrand convokers
  A phantasmal warrior (Vaults:2)
  A necromancer (Vaults:3)
  10 orc knights
  14 ugly things
  8 harpies
  A faun (shapeshifter) (D:15)
  A fire giant zombie (Vaults:3)
  6 wolf spiders
  18 mana vipers
  13 orc sorcerers
  4 manticores
  6 deep elf magi
  9 salamanders
  7 cyclopes
  11 elephants
  2 centaur zombies
  7 vault sentinels
  7 guardian serpents
  28 black mambas
  A gargoyle (D:9)
  15 naga magi
  A torpor snail (Lair:3)
  A black mamba (shapeshifter) (Vaults:4)
  2 rust devils
  A smoke demon (WizLab)
  21 spiny frogs
  An efreet (D:13)
  7 freezing wraiths
  4 komodo dragons
  A hellwing (WizLab)
  2 ice devils (Lair:2)
  6 trolls
  24 yaktaurs
  A tyrant leech (shapeshifter) (Vaults:1)
  17 tyrant leeches
  A jumping spider (shapeshifter) (D:14)
  3 polar bears
  A dream sheep (shapeshifter) (Vaults:1)
  8 bog bodies
  14 hornets
  An ettin zombie (Vaults:3)
  23 blink frogs
  24 slime creatures
  10 hippogriffs
  A raiju (shapeshifter) (Vaults:3)
  2 shadows
  A redback (shapeshifter) (Vaults:3)
  11 spriggans
  2 wyverns
  8 wraiths
  A hog (shapeshifter) (Vaults:3)
  5 basilisks
  A vampire (D:15)
  A chaos spawn (WizLab)
  2 fire elementals (D:13)
  55 yaks
  5 hungry ghosts
  A golden eye (shapeshifter) (Vaults:3)
  3 hogs
  A human (shapeshifter) (Vaults:3)
  26 vampire mosquitoes
  A neqoxec (WizLab)
  Menkaure (D:6)
  A soldier ant (D:9)
  2 wargs (Vaults:3)
  26 nagas
  25 swamp worms
  4 acid dragons
  22 insubstantial wisps
  An acid dragon (shapeshifter) (Vaults:2)
  8 porcupines
  7 hell hounds
  18 water moccasins
  10 swamp drakes
  49 orc warriors
  2 phantoms
  7 ice beasts
  8 sky beasts
  30 ogres
  An eye of draining (D:14)
  9 boggarts
  2 black bears (D:12)
  A necrophage (D:8)
  8 centaurs
  4 wolves (Lair:6)
  A tengu (shapeshifter) (Vaults:2)
  A crocodile (shapeshifter) (Vaults:1)
  13 crocodiles
  5 big kobolds
  3 elf zombies (Ossuary)
  22 bullfrogs
  A human skeleton (Vaults:3)
  7 gnoll sergeants
  2 wyvern skeletons
  8 scorpions
  An elephant simulacrum (IceCv)
  6 killer bees
  8 wights
  An orc simulacrum (Vaults:1)
  2 howler monkeys
  3 electric eels
  2 bullfrog zombies (D:9)
  10 crimson imps
  A bullfrog skeleton (D:3)
  4 hounds
  A human zombie (Ossuary)
  4 jellies
  Crazy Yiuf (D:5)
  21 orc priests
  31 orc wizards
  4 centaur skeletons
  3 polar bear simulacra (IceCv)
  11 worker ants
  9 iguanas
  A hound zombie (D:7)
  2 hound skeletons
  2 mummies (Ossuary)
  2 worker ant zombies
  12 adders
  8 gnolls
  4 shadow imps
  5 white imps (IceCv)
  An adder zombie (Ossuary)
  2 worms (D:2)
  A dart slug (D:2)
  8 leopard geckos
  128 orcs
  2 ball pythons (D:2)
  9 giant cockroaches
  9 goblins
  11 hobgoblins
  6 jackals
  8 quokkas
  12 bats
  7 frilled lizards
  A goblin zombie (Ossuary)
  10 hobgoblin zombies (Ossuary)
  12 kobolds
  7 kobold zombies (Ossuary)
  10 orc zombies (Ossuary)
  7 rats
  4 rat zombies (Ossuary)
  A briar patch (Swamp:1)
  5 spectral weapons
1503 creatures vanquished.

Vanquished Creatures (collateral kills)
  A tengu reaver (Vaults:4)
  A storm dragon (Vaults:4)
  3 nagarajas
  A vault warden (Vaults:4)
  A fire giant (Vaults:3)
  2 ironheart preservers
  2 war gargoyles (Vaults:4)
  5 ettins
  5 vault guards (Vaults:4)
  A hydra (Snake:3)
  A naga warrior (Snake:4)
  2 centaur warriors
  3 anacondas
  An ogre mage (Vaults:4)
  5 two-headed ogres
  An orc high priest (Orc:1)
  A naga sharpshooter (Snake:4)
  A shock serpent (Snake:4)
  A deep elf knight (Vaults:4)
  A wizard (Vaults:1)
  A naga ritualist (Snake:4)
  2 deep trolls (Vaults:3)
  3 orc knights
  An ironbrand convoker (Vaults:1)
  A tengu zombie (Vaults:3)
  2 mana vipers (Snake:4)
  3 salamanders (Snake:4)
  A wolf spider (Vaults:4)
  2 naga magi
  3 guardian serpents (Snake:4)
  A vault sentinel (Vaults:1)
  5 black mambas
  A freezing wraith (Vaults:1)
  A meliai (shapeshifter) (Vaults:4)
  A slime creature (Vaults:3)
  A yak (Lair:1)
  A vampire mosquito (Snake:3)
  A swamp worm (Snake:3)
  4 nagas
  An orc warrior (Orc:2)
  An ogre (Vaults:3)
  An orc wizard (Orc:1)
77 creatures vanquished.

Vanquished Creatures (others)
  2 yaktaur captains
  A centaur warrior (Vaults:4)
  4 dancing weapons
  A naga sharpshooter (Snake:3)
  An unseen horror (shapeshifter) (Vaults:4)
  A mana viper (Snake:4)
  A cyclops (Vaults:2)
  8 yaktaurs
  2 nagas (Snake:4)
  6 centaurs
  An ogre (Vaults:3)
  A worker ant (D:13)
  A bush (Lair:6)
  21 fungi
  38 plants
  26 spectral weapons
115 creatures vanquished.

Grand Total: 1695 creatures vanquished

Notes
Turn   | Place    | Note
-------+----------+-------------------------------------------
     0 | D:1      | muslera94 the Gnoll Skald began the quest for the Orb.
     0 | D:1      | Reached XP level 1. HP: 20/20 MP: 6/6
   181 | D:1      | Reached XP level 2. HP: 26/26 MP: 2/7
   579 | D:2      | Reached XP level 3. HP: 31/31 MP: 9/9
   585 | D:2      | Reached skill level 5 in Spellcasting
   622 | D:2      | Reached skill level 1 in Invocations
   845 | D:2      | Found an iron altar of Okawaru.
   862 | D:2      | Reached skill level 1 in Short Blades
   862 | D:2      | Reached skill level 1 in Long Blades
   862 | D:2      | Reached skill level 1 in Axes
   862 | D:2      | Reached skill level 1 in Maces & Flails
   862 | D:2      | Reached skill level 1 in Staves
   862 | D:2      | Reached skill level 1 in Slings
   862 | D:2      | Reached skill level 1 in Bows
   862 | D:2      | Reached skill level 1 in Crossbows
   862 | D:2      | Reached skill level 1 in Throwing
   862 | D:2      | Reached skill level 1 in Stealth
   862 | D:2      | Reached skill level 1 in Shields
   862 | D:2      | Reached skill level 1 in Unarmed Combat
   862 | D:2      | Reached skill level 1 in Evocations
   862 | D:2      | Reached XP level 4. HP: 16/38 MP: 11/11
   998 | D:2      | Learned a level 2 spell: Song of Slaying
  1001 | D:2      | Learned a level 2 spell: Shroud of Golubria
  1005 | D:2      | Learned a level 3 spell: Regeneration
  1009 | D:2      | Learned a level 3 spell: Spectral Weapon
  1409 | D:2      | Reached skill level 1 in Conjurations
  1409 | D:2      | Reached skill level 1 in Hexes
  1409 | D:2      | Reached skill level 1 in Summonings
  1409 | D:2      | Reached skill level 1 in Necromancy
  1409 | D:2      | Reached skill level 1 in Translocations
  1409 | D:2      | Reached skill level 1 in Transmutations
  1409 | D:2      | Reached skill level 1 in Fire Magic
  1409 | D:2      | Reached skill level 1 in Ice Magic
  1409 | D:2      | Reached skill level 1 in Air Magic
  1409 | D:2      | Reached skill level 1 in Earth Magic
  1409 | D:2      | Reached skill level 1 in Poison Magic
  1648 | D:3      | Reached XP level 5. HP: 37/43 MP: 12/12
  2186 | D:3      | Found a stormy altar of Qazlal.
  2261 | D:3      | Reached XP level 6. HP: 50/50 MP: 6/13
  2271 | D:3      | Reached skill level 2 in Invocations
  2676 | D:4      | Found an opulent altar of Gozag.
  2820 | D:4      | Reached skill level 5 in Fighting
  2820 | D:4      | Reached skill level 5 in Polearms
  2820 | D:4      | Reached skill level 5 in Dodging
  3216 | D:5      | Entered Level 5 of the Dungeon
  3239 | D:5      | Reached XP level 7. HP: 56/56 MP: 15/15
  3323 | D:5      | Found a runed door.
  3330 | D:5      | Noticed Crazy Yiuf
  3336 | D:5      | Killed Crazy Yiuf
  3418 | D:5      | Found a sand-covered staircase.
  3520 | Ossuary  | Entered an ossuary
  3877 | Ossuary  | Reached skill level 3 in Invocations
  3949 | Ossuary  | Reached XP level 8. HP: 56/63 MP: 12/16
  4493 | D:5      | Gained mutation: You expend magic power (3 MP) to strengthen your wands. [potion of mutation]
  4493 | D:5      | Gained mutation: You are somewhat resistant to further mutation. [potion of mutation]
  4494 | D:5      | Lost mutation: You are somewhat resistant to further mutation. [potion of mutation]
  4494 | D:5      | Lost mutation: You expend magic power (3 MP) to strengthen your wands. [potion of mutation]
  4494 | D:5      | Gained mutation: Scrolls take you a little longer to read. [potion of mutation]
  4494 | D:5      | Gained mutation: Your magical capacity is low. (-10% MP) [potion of mutation]
  4494 | D:5      | Gained mutation: Your mind is acute. (Int +2) [potion of mutation]
  4494 | D:5      | Gained mutation: You possess an exceptional clarity of mind. [potion of mutation]
  4495 | D:5      | Lost mutation: You possess an exceptional clarity of mind. [potion of mutation]
  4495 | D:5      | Lost mutation: Your magical capacity is low. (-10% MP) [potion of mutation]
  4495 | D:5      | Lost mutation: Scrolls take you a little longer to read. [potion of mutation]
  4495 | D:5      | Gained mutation: You are agile. (Dex +2) [potion of mutation]
  4495 | D:5      | Gained mutation: Your mind is very acute. (Int +4) [potion of mutation]
  4495 | D:5      | Gained mutation: Your movements are slightly less encumbered by armour. (ER -2) [potion of mutation]
  4871 | D:6      | Noticed Menkaure
  4877 | D:6      | Killed Menkaure
  4962 | D:6      | Found a staircase to the Ecumenical Temple.
  4972 | Temple   | Entered the Ecumenical Temple
  4992 | Temple   | Became a worshipper of Ashenzari the Shackled
  5146 | D:6      | Reached skill level 4 in Invocations
  5238 | D:6      | Found a sacrificial altar of Ru.
  5253 | D:6      | Reached XP level 9. HP: 28/69 MP: 11/18
  5497 | D:6      | Found a radiant altar of Vehumet.
  5567 | D:6      | Found a hide-covered altar of Uskayaw.
  5569 | D:6      | Found a burning altar of Makhleb.
  5570 | D:6      | Found an ornate altar of the Wu Jian Council.
  5572 | D:6      | Found a snail-covered altar of Cheibriados.
  6439 | D:7      | Reached skill level 5 in Armour
  6973 | D:7      | Found a white marble altar of Elyvilon.
  7094 | D:8      | Found a staircase to the Lair.
  7110 | D:8      | Reached * piety under Ashenzari
  7131 | D:8      | Reached skill level 5 in Invocations
  7423 | D:8      | Found a deep blue altar of Sif Muna.
  8324 | D:9      | Reached XP level 10. HP: 69/77 MP: 20/20
  8525 | D:9      | Noticed a brown ugly thing
  8538 | D:9      | Killed a brown ugly thing
  8560 | D:9      | Reached skill level 5 in Short Blades
  8560 | D:9      | Reached skill level 5 in Long Blades
  8560 | D:9      | Reached skill level 5 in Axes
  8560 | D:9      | Reached skill level 5 in Maces & Flails
  8560 | D:9      | Reached skill level 5 in Staves
  8560 | D:9      | Reached skill level 5 in Slings
  8560 | D:9      | Reached skill level 5 in Bows
  8560 | D:9      | Reached skill level 5 in Crossbows
  8560 | D:9      | Reached skill level 5 in Throwing
  8560 | D:9      | Reached skill level 5 in Stealth
  8560 | D:9      | Reached skill level 5 in Shields
  8560 | D:9      | Reached skill level 5 in Unarmed Combat
  8560 | D:9      | Reached skill level 5 in Evocations
  8588 | D:9      | Paralysed by a hornet for 3 turns
  8943 | D:9      | Found a staircase to the Orcish Mines.
  9235 | D:9      | Reached skill level 6 in Invocations
  9768 | D:10     | Entered Level 10 of the Dungeon
  9779 | D:10     | Noticed a gargoyle
  9824 | D:9      | Killed a gargoyle
  9824 | D:9      | Reached XP level 11. HP: 84/84 MP: 15/22
  9970 | D:10     | Noticed Erolcha
  9986 | D:10     | Killed Erolcha
  9986 | D:10     | Reached skill level 5 in Conjurations
  9986 | D:10     | Reached skill level 5 in Hexes
  9986 | D:10     | Reached skill level 5 in Summonings
  9986 | D:10     | Reached skill level 5 in Necromancy
  9986 | D:10     | Reached skill level 5 in Translocations
  9986 | D:10     | Reached skill level 5 in Transmutations
  9986 | D:10     | Reached skill level 5 in Fire Magic
  9986 | D:10     | Reached skill level 5 in Ice Magic
  9986 | D:10     | Reached skill level 5 in Air Magic
  9986 | D:10     | Reached skill level 5 in Earth Magic
  9986 | D:10     | Reached skill level 5 in Poison Magic
 10338 | D:10     | Noticed Snorg
 10344 | D:10     | Killed Snorg
 10510 | D:10     | Reached skill level 7 in Invocations
 10919 | Lair:1   | Entered Level 1 of the Lair of Beasts
 10919 | Lair:1   | Noticed Nergalle
 10930 | D:8      | Killed Nergalle
 10985 | Lair:1   | Reached XP level 12. HP: 27/93 MP: 19/24
 13053 | Lair:2   | Found a frozen archway.
 13311 | IceCv    | Entered an ice cave
 13311 | IceCv    | Reached ** piety under Ashenzari
 13327 | IceCv    | HP: 3/94 [polar bear simulacrum (14)]
 13925 | Lair:2   | Reached skill level 8 in Invocations
 14000 | Lair:2   | Noticed a death yak
 14001 | Lair:2   | Noticed a death yak
 14007 | Lair:2   | Noticed a death yak
 14008 | Lair:2   | Noticed a death yak
 14083 | Lair:2   | Noticed a five-headed hydra
 14171 | Lair:2   | Found a staircase to the Snake Pit.
 14210 | Lair:2   | Killed a five-headed hydra
 14230 | Lair:2   | Killed a death yak
 14237 | Lair:2   | Killed a death yak
 14255 | Lair:2   | Killed a death yak
 14489 | Lair:2   | Killed a death yak
 14489 | Lair:2   | Reached XP level 13. HP: 19/101 MP: 19/26
 16841 | Lair:4   | Noticed Kirke
 17223 | Lair:4   | Reached skill level 9 in Invocations
 17573 | Lair:4   | Noticed Urug
 17593 | Lair:4   | Killed Urug
 17987 | Lair:4   | Noticed Josephine
 18000 | Lair:4   | Killed Josephine
 18455 | Lair:4   | Killed Kirke
 18475 | Lair:4   | Got the uncursed robe of Inquiry {MR+ Regen+}
 18643 | Lair:4   | Reached skill level 10 in Spellcasting
 18795 | Lair:4   | Reached *** piety under Ashenzari
 18985 | Lair:4   | Found a staircase to the Swamp.
 19140 | Lair:4   | Reached XP level 14. HP: 109/109 MP: 22/28
 20001 | Lair:5   | Reached skill level 10 in Fighting
 20001 | Lair:5   | Reached skill level 10 in Polearms
 20001 | Lair:5   | Reached skill level 10 in Dodging
 20214 | Lair:5   | Identified a scroll of acquirement
 20215 | Lair:5   | Got the cursed pair of gloves "Galumukh" {rPois rN+ Int+5}
 20227 | Lair:5   | Identified the cursed -2 pair of gloves "Galumukh" {rPois rN+ Int+5} (You acquired it on level 5 of the Lair of Beasts)
 20243 | Lair:6   | Entered Level 6 of the Lair of Beasts
 21042 | Lair:6   | Reached skill level 10 in Invocations
 21380 | Lair:6   | Reached **** piety under Ashenzari
 21648 | Lair:6   | Found a viscous altar of Jiyva.
 21648 | Lair:6   | Found a staircase to the Slime Pits.
 21988 | Lair:6   | Learned a level 1 spell: Confusing Touch
 22170 | Lair:6   | Got the whip of Drought {drain, rElec rC++}
 22176 | Lair:6   | Identified the +10 whip of Drought {drain, rElec rC++} (You found it on level 6 of the Lair of Beasts)
 22287 | Lair:6   | Learned a level 3 spell: Conjure Flame
 22291 | Lair:6   | Learned a level 3 spell: Mephitic Cloud
 22298 | Lair:6   | Learned a level 6 spell: Freezing Cloud
 22669 | D:11     | Reached XP level 15. HP: 111/117 MP: 22/29
 22785 | D:11     | Noticed Sonja
 22793 | D:11     | Killed Sonja
 22824 | D:11     | Reached skill level 10 in Armour
 23804 | D:12     | Found a white marble altar of Elyvilon.
 24614 | D:13     | Learned a level 3 spell: Tukima's Dance
 24683 | D:13     | Identified the +2 plate armour of Music {rN+}
 24684 | D:13     | Noticed Azrael
 24706 | D:13     | Killed Azrael
 24822 | D:13     | Reached ***** piety under Ashenzari
 24846 | D:13     | Found a portal to a secret trove of treasure.
 25036 | D:13     | Reached skill level 10 in Charms
 25352 | D:14     | Found Zaopla's Pet Rocks.
 25505 | D:14     | Found a gate to the Vaults.
 25513 | D:14     | Reached skill level 10 in Short Blades
 25513 | D:14     | Reached skill level 10 in Long Blades
 25513 | D:14     | Reached skill level 10 in Axes
 25513 | D:14     | Reached skill level 10 in Maces & Flails
 25513 | D:14     | Reached skill level 10 in Staves
 25513 | D:14     | Reached skill level 10 in Slings
 25513 | D:14     | Reached skill level 10 in Bows
 25513 | D:14     | Reached skill level 10 in Crossbows
 25513 | D:14     | Reached skill level 10 in Throwing
 25513 | D:14     | Reached skill level 10 in Stealth
 25513 | D:14     | Reached skill level 10 in Shields
 25513 | D:14     | Reached skill level 10 in Unarmed Combat
 25513 | D:14     | Reached skill level 10 in Evocations
 25609 | D:14     | Found Fyump's Jewellery Shoppe.
 25626 | D:14     | Bought a +3 amulet of reflection for 251 gold pieces
 25698 | D:14     | Reached skill level 11 in Invocations
 26025 | D:15     | Entered Level 15 of the Dungeon
 26167 | D:15     | Found a staircase to the Depths.
 26685 | D:15     | Found Xuurok's Antique Armour Shop.
 27348 | Orc:1    | Entered Level 1 of the Orcish Mines
 27441 | Orc:1    | Found a transporter.
 27466 | Orc:1    | Found a roughly hewn altar of Beogh.
 27468 | Orc:1    | Identified the ring "Gagiuwann" {Fire rN+ Int+4 Slay+3 SInv}
 27542 | Orc:1    | Found a roughly hewn altar of Beogh.
 27542 | Orc:1    | Found a transporter.
 27551 | Orc:1    | Reached XP level 16. HP: 115/125 MP: 18/31
 27663 | Orc:1    | Learned a level 2 spell: Swiftness
 27669 | Orc:1    | Learned a level 5 spell: Lightning Bolt
 27706 | Orc:2    | Entered Level 2 of the Orcish Mines
 28020 | Orc:2    | Noticed Saint Roka
 28046 | Orc:2    | Killed Saint Roka
 28230 | Orc:2    | Found a roughly hewn altar of Beogh.
 28522 | Orc:2    | Found a staircase to the Elven Halls.
 28595 | Orc:2    | Found a roughly hewn altar of Beogh.
 28596 | Orc:2    | Found Deroapha's Jewellery Boutique.
 28686 | Orc:2    | Found a roughly hewn altar of Beogh.
 28702 | Orc:2    | Found Koosig's General Store.
 28731 | Orc:2    | Found a roughly hewn altar of Beogh.
 28939 | Orc:2    | Found Imabib's Antique Weapon Shop.
 28940 | Orc:2    | Found a roughly hewn altar of Beogh.
 28943 | Orc:2    | Found Uwkuss's Antique Armour Boutique.
 28949 | Orc:2    | Bought a slimy leather armour for 182 gold pieces
 28949 | Orc:2    | Identified the +2 leather armour of the Voivode {-Cast rPois rN+ Dex+4} (You bought it in a shop on level 2 of the Orcish Mines)
 28956 | Orc:2    | Bought a polished flail for 221 gold pieces
 28956 | Orc:2    | Identified the +3 flail of the Unliving {crush, Int+3 Dex+2} (You bought it in a shop on level 2 of the Orcish Mines)
 29141 | Orc:1    | Found a runed gate.
 29141 | Orc:1    | Found a runed gate.
 29141 | Orc:1    | Found a runed gate.
 29156 | Orc:1    | Found Orissoesch's Assorted Antiques.
 29163 | Orc:1    | Found an opulent altar of Gozag.
 29163 | Orc:1    | Noticed ExaRaiun's ghost (journeyman MiBe)
 29199 | Orc:1    | Killed ExaRaiun's ghost
 29449 | Orc:1    | Bought a jewelled chain mail for 199 gold pieces
 29449 | Orc:1    | Identified the +1 chain mail of Impatience {rF+ MR+} (You bought it in a shop on level 1 of the Orcish Mines)
 29449 | Orc:1    | Bought a scroll of enchant armour for 157 gold pieces
 29449 | Orc:1    | Bought a scroll of enchant weapon for 157 gold pieces
 29449 | Orc:1    | Bought a scroll of silence for 157 gold pieces
 29763 | Orc:1    | Learned a level 4 spell: Airstrike
 29867 | Lair:1   | Identified the +2 robe of Inquiry {MR+ Regen+} (You found it on level 4 of the Lair of Beasts)
 30066 | D:13     | You paid a toll of 15 scrolls of teleportation to enter a treasure trove
 30067 | Trove    | Entered a treasure trove
 30116 | Trove    | Reached XP level 17. HP: 133/133 MP: 32/32
 30124 | Trove    | Identified Waer Teo's Incunabulum of Intoxication and Good Luck
 30148 | Trove    | Identified the amulet of Attitude {Spirit rElec rN+++ Str+3}
 30148 | Trove    | Identified the amulet of Wekhoige {Spirit Fragile rC+ Int+6 Dex+4}
 30149 | Trove    | Identified the amulet of Culli Dea {Inacc rPois Str+2 Dex+3}
 30405 | Swamp:1  | Entered Level 1 of the Swamp
 30613 | Swamp:1  | Reached ****** piety under Ashenzari
 31801 | Swamp:2  | Reached skill level 12 in Invocations
 31870 | Swamp:2  | Paralysed by a hornet for 1 turns
 31950 | Swamp:2  | Noticed a tentacled monstrosity
 31975 | Swamp:2  | Killed a tentacled monstrosity
 32154 | Swamp:2  | Found a runed door.
 32499 | Swamp:3  | Reached XP level 18. HP: 103/140 MP: 30/34
 33103 | Swamp:4  | Entered Level 4 of the Swamp
 33978 | Swamp:4  | Got a decaying rune of Zot
 34328 | Snake:1  | Entered Level 1 of the Snake Pit
 34533 | Snake:1  | Reached skill level 10 in Conjurations
 34533 | Snake:1  | Reached skill level 10 in Hexes
 34533 | Snake:1  | Reached skill level 10 in Summonings
 34533 | Snake:1  | Reached skill level 10 in Necromancy
 34533 | Snake:1  | Reached skill level 10 in Translocations
 34533 | Snake:1  | Reached skill level 10 in Transmutations
 34533 | Snake:1  | Reached skill level 10 in Fire Magic
 34533 | Snake:1  | Reached skill level 10 in Ice Magic
 34533 | Snake:1  | Reached skill level 10 in Air Magic
 34533 | Snake:1  | Reached skill level 10 in Earth Magic
 34533 | Snake:1  | Reached skill level 10 in Poison Magic
 34934 | Snake:1  | Learned a level 7 spell: Summon Hydra
 35540 | Snake:1  | Upgraded the game from 0.22-b1-21-g5cfc1688f2 to 0.22-b1-26-g9dbaab1112
 35573 | Snake:2  | Found a flickering gateway to a bazaar.
 35593 | Bazaar   | Entered a bazaar
 35683 | Bazaar   | Found Mufesef's Jewellery Boutique.
 35693 | Bazaar   | Found Vaqu's General Store.
 35701 | Bazaar   | Bought a ration for 65 gold pieces
 35701 | Bazaar   | Bought a potion of curing for 39 gold pieces
 36507 | Snake:3  | Reached XP level 19. HP: 114/148 MP: 25/35
 36847 | Snake:3  | Reached skill level 13 in Invocations
 36853 | Snake:3  | Identified the cursed +0 pair of gloves of the Onion {MR- Str+8 Dex-4 SInv}
 37589 | Snake:4  | Entered Level 4 of the Snake Pit
 37643 | Snake:4  | Found a white marble altar of Elyvilon.
 38807 | Snake:4  | Found Anannud's Jewellery Boutique.
 38810 | Snake:4  | Found Cynkih's Gadget Shoppe.
 38811 | Snake:4  | Found Feqesero's Jewellery Boutique.
 38855 | Snake:4  | Noticed Roxanne
 39588 | Snake:4  | HP: 5/149 [nagaraja/poison arrow (20)]
 40485 | Snake:4  | Got a serpentine rune of Zot
 40736 | Snake:4  | Killed Roxanne
 40737 | Snake:4  | Identified Roxanne's Guide on Transformation (You took it off Roxanne on level 4 of the Snake Pit)
 40790 | Snake:4  | Bought the brooch of Shielding {Reflect SH+8} for 1700 gold pieces
 40790 | Snake:4  | Found the brooch of Shielding {Reflect SH+8}
 41053 | Vaults:1 | Entered Level 1 of the Vaults
 41225 | Vaults:1 | Reached XP level 20. HP: 139/156 MP: 34/37
 41315 | Vaults:1 | Upgraded the game from 0.22-b1-26-g9dbaab1112 to 0.22-b1-59-g0aedee734a
 42240 | Vaults:1 | Learned a level 6 spell: Deflect Missiles
 42817 | Vaults:1 | Identified the +4 chain mail of Lepuh {rF+ rN+ Stlth-}
 43023 | Vaults:2 | Found a magical portal.
 43066 | WizLab   | Entered The Hall of the Hellbinder
 43111 | WizLab   | Reached skill level 14 in Invocations
 44196 | Vaults:2 | Found a staircase to the Crypt.
 44608 | Vaults:2 | Identified the cursed +8 war axe of Proximity {chop, rF++} (You acquired it on level 2 of the Vaults)
 45267 | Vaults:3 | Reached XP level 21. HP: 95/164 MP: 32/39
 45366 | Vaults:3 | Identified the +6 halberd of Sipny {flame, rN+ Str+5}
 47323 | Vaults:4 | Identified the +1 scale mail of Decompression {rC+ MP+9 Int+3}
 48045 | Vaults:4 | Identified the +3 great sword of the Dwarven Hall {speed, MR+} (You took it off a vault warden on level 4 of the Vaults)
 48792 | Vaults:5 | Entered Level 5 of the Vaults
 48811 | Vaults:5 | Noticed an ancient lich
 48825 | Vaults:5 | HP: 2/166 [tentacled monstrosity (7)]
 49339 | Vaults:4 | Killed an ancient lich
 49339 | Vaults:4 | Reached XP level 22. HP: 56/173 MP: 19/40
 49768 | Vaults:4 | Reached skill level 15 in Invocations
 50504 | Vaults:5 | Noticed Mennas
 50858 | Vaults:5 | Noticed an ancient lich
 50859 | Vaults:5 | HP: 7/173 [vault warden/long sword of freezing (4)]
 50859 | Vaults:5 | HP: 3/173 [entropy weaver (4)]
 50860 | Vaults:5 | Slain by a stone giant

Skill      XL: |  1  2  3  4  5  6  7  8  9 10 11 12 13 14 15 16 17 18 19 20 21 22 |
---------------+-------------------------------------------------------------------+-----
Spellcasting   | 5 6 7 8 9 10 11 12 13 14 | 14.7
Invocations    | 1 2 3 4 5 6 7 8 9 10 11 12 13 14 15 | 15.1
Short Blades   | 1 2 3 4 5 6 7 8 9 10 11 12 13 14 | 14.0
Long Blades    | 1 2 3 4 5 6 7 8 9 10 11 12 13 14 | 14.0
Axes           | 1 2 3 4 5 6 7 8 9 10 11 12 13 14 | 14.0
Maces & Flails | 1 2 3 4 5 6 7 8 9 10 11 12 13 14 | 14.0
Staves         | 1 2 3 4 5 6 7 8 9 10 11 12 13 14 | 14.0
Slings         | 1 2 3 4 5 6 7 8 9 10 11 12 13 14 | 14.0
Bows           | 1 2 3 4 5 6 7 8 9 10 11 12 13 14 | 14.0
Crossbows      | 1 2 3 4 5 6 7 8 9 10 11 12 13 14 | 14.0
Throwing       | 1 2 3 4 5 6 7 8 9 10 11 12 13 14 | 14.0
Stealth        | 1 2 3 4 5 6 7 8 9 10 11 12 13 14 | 14.0
Shields        | 1 2 3 4 5 6 7 8 9 10 11 12 13 14 | 14.0
Unarmed Combat | 1 2 3 4 5 6 7 8 9 10 11 12 13 14 | 14.0
Evocations     | 1 2 3 4 5 6 7 8 9 10 11 12 13 14 | 14.0
Conjurations   | 1 2 3 4 5 6 7 8 9 10 11 12 | 12.1
Hexes          | 1 2 3 4 5 6 7 8 9 10 11 12 | 12.1
Summonings     | 1 2 3 4 5 6 7 8 9 10 11 12 | 12.1
Necromancy     | 1 2 3 4 5 6 7 8 9 10 11 12 | 12.1
Translocations | 1 2 3 4 5 6 7 8 9 10 11 12 | 12.1
Transmutations | 1 2 3 4 5 6 7 8 9 10 11 12 | 12.1
Fire Magic     | 1 2 3 4 5 6 7 8 9 10 11 12 | 12.1
Ice Magic      | 1 2 3 4 5 6 7 8 9 10 11 12 | 12.1
Air Magic      | 1 2 3 4 5 6 7 8 9 10 11 12 | 12.1
Earth Magic    | 1 2 3 4 5 6 7 8 9 10 11 12 | 12.1
Poison Magic   | 1 2 3 4 5 6 7 8 9 10 11 12 | 12.1
Armour         | 3 4 5 6 7 8 9 10 11 12 13 14 | 14.2
Fighting       | 5 6 7 8 9 10 11 12 13 14 | 14.6
Polearms       | 5 6 7 8 9 10 11 12 13 14 | 14.6
Dodging        | 5 6 7 8 9 10 11 12 13 14 | 14.6
Charms         | 6 7 8 9 10 11 12 13 | 13.1

Action                   |  1- 3 |  4- 6 |  7- 9 | 10-12 | 13-15 | 16-18 | 19-21 | 22-24 || total
-------------------------+-------+-------+-------+-------+-------+-------+-------+-------++-------
Melee: Spear             |   163 |   239 |       |       |       |       |       |       ||   402
       Bite              |    12 |    22 |    43 |    77 |   190 |   131 |   239 |    24 ||   738
       Punch             |       |     2 |    11 |     1 |       |       |       |       ||    14
       Trident           |       |    22 |   547 |   688 |  1437 |  1220 |  1814 |   141 ||  5869
       Unarmed           |       |       |       |       |     4 |       |       |       ||     4
 Cast: Infusion          |     1 |     5 |     4 |     1 |       |       |       |       ||    11
       Song of Slaying   |       |     3 |     9 |    10 |     9 |     1 |     8 |     4 ||    44
       Regeneration      |       |     3 |    11 |    21 |    35 |    21 |    16 |     4 ||   111
       Spectral Weapon   |       |     2 |    17 |    38 |    52 |    32 |    32 |     2 ||   175
       Shroud of Golubri |       |     1 |     1 |     4 |    16 |       |       |     5 ||    27
       Mephitic Cloud    |       |       |       |       |    10 |    29 |    30 |       ||    69
       Conjure Flame     |       |       |       |       |     3 |     1 |       |       ||     4
       Freezing Cloud    |       |       |       |       |     3 |    12 |    12 |       ||    27
       Tukima's Dance    |       |       |       |       |     1 |    11 |    23 |     8 ||    43
       Airstrike         |       |       |       |       |       |    12 |    10 |       ||    22
       Summon Hydra      |       |       |       |       |       |     5 |    37 |     4 ||    46
       Swiftness         |       |       |       |       |       |       |     2 |       ||     2
       Deflect Missiles  |       |       |       |       |       |       |     1 |       ||     1
Invok: Scrying           |       |       |       |     1 |     1 |     1 |     1 |       ||     4
       Curse Item        |       |       |       |     1 |     3 |     3 |     2 |     2 ||    11
Evoke: Wand              |       |       |       |    12 |     3 |       |     4 |       ||    19
  Use: Scroll            |       |     5 |    16 |    11 |    17 |    12 |     9 |     1 ||    71
       Potion            |       |     2 |     4 |    11 |     8 |     5 |    15 |    11 ||    56
 Stab: Sleeping          |       |     3 |     1 |       |     7 |     3 |     6 |       ||    20
       Distracted        |       |       |     4 |     4 |    10 |    12 |    13 |       ||    43
       Invisible         |       |       |       |       |     7 |     4 |       |       ||    11
       Confused          |       |       |       |       |    10 |    23 |    39 |       ||    72
  Eat: Chunk             |       |     8 |    11 |    19 |    43 |    26 |    29 |     4 ||   140
       Ration            |       |       |     2 |     2 |     2 |     2 |     8 |       ||    16
Armor: Leather armour    |     3 |       |       |       |       |       |       |       ||     3
       Ring mail         |    35 |    36 |   127 |       |       |       |       |       ||   198
       Skin              |       |    47 |    37 |       |       |       |       |     9 ||    93
       Chain mail        |       |       |    72 |   313 |   664 |   302 |   451 |   151 ||  1953
Dodge: Dodged            |    86 |   111 |   291 |   260 |   844 |   334 |   504 |   195 ||  2625
       Deflected         |       |       |       |       |       |       |    48 |       ||    48
Block: Buckler           |       |       |       |   132 |   480 |   465 |  1105 |   264 ||  2446
       Reflection        |       |       |       |       |       |    31 |   146 |     2 ||   179
